 Dungeon Crawl Stone Soup version 0.15.0-14-g6bbbb5c (webtiles) character file.

5295 Malachi the Bolt Thrower (level 10, -5/83 HPs)
             Began as a Centaur Fighter on Aug 30, 2014.
             Was a Believer of Okawaru.
             Slain by Erolcha
             ... wielding a +0 giant club
              (25 damage)
             ... on Level 8 of the Dungeon on Sept 3, 2014.
             The game lasted 00:27:03 (10920 turns).

Malachi the Bolt Thrower (Centaur Fighter)         Turns: 10920, Time: 00:27:03

HP  -5/83        AC 16     Str 22      XL: 10   Next: 37%
MP   7/7         EV  4     Int  4 (7)  God: Okawaru [**....]
Gold 406         SH  9     Dex  9      Spells:  0 memorised,  9 levels left

rFire  . . .     SeeInvis +     a - +0 war axe
rCold  . . .     Clarity  +     M - +7 chain mail of the Hunter {rElec SInv}
rNeg   . . .     rCorr    .     c - +0 shield
rPois  .         rRot     .     (no helmet)
rElec  +         Spirit   .     (no cloak)
SustAb .         Warding  .     (no gloves)
rMut   .         Stasis   .     (no barding)
Gourm  .                        B - amulet of clarity
MR     .....                    (no ring)
                                (no ring)

@: slowed, not resistant to hostile enchantments, extremely unstealthy
A: hooves 3, deformed body, speed 2, tough skin 3
a: Heroism, Renounce Religion


You were on level 8 of the Dungeon.
You worshipped Okawaru.
Okawaru was pleased with you.
You were not hungry.

You visited 2 branches of the dungeon, and saw 9 of its levels.
You also visited: Sewer.

You collected 406 gold pieces.

Inventory:

Hand weapons
 a - a +0 war axe (weapon)
 x - a +0 arbalest
 I - a +0 blowgun
 P - a +0 hand crossbow of freezing
Missiles
 C - 76 bolts
 G - 8 curare-tipped needles
 H - 52 poisoned needles
 L - 4 needles of slowing
Armour
 c - a +0 shield (worn)
 M - the +7 chain mail of the Hunter (worn) {rElec SInv}
   (You took it off a wight on level 6 of the Dungeon)

   It insulates you from electricity.
   It enhances your eyesight.
 O - a +0 cloak
Magical devices
 p - a wand of cold (2)
 s - a wand of slowing (8) {unknown}
Comestibles
 b - 3 meat rations
 d - 8 bread rations
 t - a slice of pizza
 v - 8 beef jerkies
 w - 3 fruits
 U - a rotting chunk of orc flesh
Scrolls
 g - 7 scrolls of identify
 h - 3 scrolls of remove curse
 i - a scroll of fog {unknown}
 k - 2 scrolls of noise {unknown}
 l - 2 scrolls of enchant weapon {unknown}
 o - 7 scrolls of teleportation {unknown}
 D - a scroll of fear {unknown}
 N - a scroll of immolation {unknown}
 T - a scroll of recharging {unknown}
 V - a scroll of random uselessness {unknown}
Jewellery
 q - an uncursed ring of ice {unknown}
 A - an uncursed ring of wizardry
 B - an amulet of clarity (around neck)
Potions
 e - a potion of might
 f - 2 potions of heal wounds
 j - a potion of curing
 m - 2 potions of magic
 n - 2 potions of invisibility
 r - 3 potions of brilliance {unknown}
 u - 4 potions of mutation {unknown}
 E - a potion of degeneration {unknown}
 F - a potion of haste
 J - a potion of cure mutation {unknown}
 K - a potion of poison {unknown}
 R - a potion of agility {unknown}
 S - 2 potions of restore abilities {unknown}
Books
 z - a book of Flames

   Spells                             Type                      Level
   Flame Tongue                       Conjuration/Fire             1
   Throw Flame                        Conjuration/Fire             2
   Conjure Flame                      Conjuration/Fire             3
   Inner Flame                        Hexes/Fire                   3
   Sticky Flame                       Conjuration/Fire             4
   Fireball                           Conjuration/Fire             5
 Q - a book of Death

   Spells                             Type                      Level
   Corpse Rot                         Necromancy                   2
   Sublimation of Blood               Necromancy                   2
   Agony                              Necromancy                   5
   Dispel Undead                      Necromancy                   5
   Excruciating Wounds                Charms/Necromancy            5
   Bolt of Draining                   Conjuration/Necromancy       5
Rods
 y - a +2 rod of ignition (9/9)
   (You found it on level 4 of the Dungeon)


   Skills:
 + Level 6.2 Fighting
 + Level 5.7 Axes
 * Level 7.3 Crossbows
 + Level 6.6 Armour
 + Level 4.2 Dodging
 - Level 0.1 Stealth
 + Level 4.4 Shields
 + Level 0.2 Invocations


You had 9 spell levels left.
You didn't know any spells.

Dungeon Overview and Level Annotations

Branches:
Dungeon (8/15)             Temple (1/1) D:7            Lair (0/8) D:8

Altars:
Ashenzari
Dithmenos
Elyvilon
Kikubaaqudgha
Makhleb
Nemelex Xobeh
Okawaru
Sif Muna
Trog
Xom
Zin

Annotations:
D:8 Erolcha


Innate Abilities, Weirdness & Mutations

You have hooves in place of feet.
Armour fits poorly on your strangely shaped body.
You cover ground very quickly.
You have extremely tough skin (AC +3).


Message History

You feel much better.
You feel sick. Erolcha hits you but does no damage.
Erolcha hits you with a giant club!
* * * LOW HITPOINT WARNING * * *
Drink which item? (? for menu, Esc to quit)
You feel better. You block Erolcha's attack.
Evoke which item? (* to show all) (? for menu, Esc to quit)
Zapping:
p - a wand of cold {zapped: 1}
Press: ? - help, Shift-Dir - straight line, f - Erolcha
Aim: Erolcha, wielding a giant club and wearing a robe (moderately wounded, fast, slightly transparent)
The bolt of cold hits Erolcha.
Erolcha is heavily wounded.
Erolcha hits you but does no damage. You block Erolcha's attack.
Evoke which item? (* to show all) (? for menu, Esc to quit)
Zapping:
p - a wand of cold {zapped: 2}
Press: ? - help, Shift-Dir - straight line, f/p - Erolcha
Aim: Erolcha, wielding a giant club and wearing a robe (heavily wounded, fast, slightly transparent)
The bolt of cold hits Erolcha.
Erolcha is severely wounded.
Erolcha hits you with a giant club!!
You die...

#...........#
#...........#
#...........#
###...........###
..#...........+.#
#.#...........#.###
#.#..)........#...
#.###...)....##.###.#
...()((>.)###...@O..#
#.###%....# #.#####.#
#.# ####### #.# #.#
... #.# #... #'#
#..## ... .... ...
#... ... ...


You could see Erolcha (invisible).

Vanquished Creatures
  Joseph (D:8)
  2 wargs (D:8)
  A water moccasin (D:6)
  A hill giant skeleton (D:7)
  5 orc warriors
  8 ogres
  A sky beast (D:6)
  A yellow wasp (D:8)
  2 phantoms
  4 centaurs
  A brain worm (D:8)
  A big kobold (D:7)
  7 giant frogs
  A scorpion (D:7)
  7 wights (D:6)
  10 crimson imps
  A goliath beetle (D:6)
  6 orc priests
  3 hounds
  A gnoll shaman (D:6)
  An iguana (D:5)
  14 orc wizards
  5 worker ants
  Jessica (D:2)
  9 gnolls
  19 adders
  A shadow imp (D:5)
  9 giant mites
  4 worms
  An orc zombie (D:7)
  19 giant geckos
  8 oozes (Sewer)
  27 orcs
  15 bats
  22 giant cockroaches
  18 goblins
  9 hobgoblins
  10 jackals
  18 kobolds
  3 quokkas
  17 ball pythons
  20 giant newts
  A hobgoblin skeleton (D:8)
  A jackal zombie (D:8)
  3 orc skeletons
  A quokka skeleton (D:6)
  4 rats
324 creatures vanquished.

Notes
Turn   | Place    | Note
--------------------------------------------------------------
     0 | D:1      | Malachi, the Centaur Fighter, began the quest for the Orb.
     0 | D:1      | Reached XP level 1. HP: 19/19 MP: 1/1
   132 | D:1      | Reached XP level 2. HP: 26/26 MP: 2/2
   645 | D:2      | Found a shattered altar of Ashenzari.
   738 | D:2      | Upgraded the game from 0.15.0-8-gb109cf8 to 0.15.0-14-g6bbbb5c
   749 | D:2      | Reached XP level 3. HP: 26/31 MP: 3/3
   860 | D:2      | Noticed Jessica
   869 | D:2      | Killed Jessica
  1182 | D:2      | Found a glowing silver altar of Zin.
  1182 | D:2      | Noticed an angel
  1239 | D:2      | Reached XP level 4. HP: 38/38 MP: 3/3
  1330 | D:3      | Found a glowing drain.
  1352 | Sewer    | Entered a sewer
  1823 | Sewer    | Reached XP level 5. HP: 35/46 MP: 4/4
  2066 | Sewer    | Reached skill level 1 in Dodging
  2539 | Sewer    | Reached XP level 6. HP: 49/52 MP: 5/5
  2541 | Sewer    | Reached skill level 4 in Fighting
  2546 | Sewer    | Noticed a giant frog
  2547 | Sewer    | Noticed a giant frog
  2552 | Sewer    | Killed a giant frog
  2557 | Sewer    | Killed a giant frog
  3827 | D:4      | Reached XP level 7. HP: 38/60 MP: 5/5
  4442 | D:5      | Entered Level 5 of the Dungeon
  5703 | D:5      | Reached skill level 5 in Fighting
  5724 | D:5      | Reached XP level 8. HP: 56/68 MP: 6/6
  6324 | D:6      | Found a sparkling altar of Nemelex Xobeh.
  6695 | D:6      | Found a deep blue altar of Sif Muna.
  6820 | D:6      | Reached skill level 1 in Crossbows
  6884 | D:6      | Reached skill level 5 in Armour
  7293 | D:6      | Identified a +2 rod of ignition (9/9) (You found it on level 4 of the Dungeon)
  7585 | D:6      | Got a bloodstained chain mail
  7596 | D:6      | Identified the +7 chain mail of the Hunter {rElec SInv} (You took it off a wight on level 6 of the Dungeon)
  7757 | D:6      | Reached XP level 9. HP: 72/74 MP: 7/7
  7937 | D:6      | Reached skill level 6 in Armour
  8319 | D:7      | Reached skill level 5 in Axes
  8423 | D:7      | Found a white marble altar of Elyvilon.
  8463 | D:7      | Found a staircase to the Ecumenical Temple.
  8521 | Temple   | Entered the Ecumenical Temple
  8529 | Temple   | Became a worshipper of Warmaster Okawaru
  9272 | D:7      | Reached skill level 5 in Crossbows
  9745 | D:8      | Found a staircase to the Lair.
  9783 | D:8      | Acquired Okawaru's first power
  9822 | D:8      | Reached XP level 10. HP: 33/83 MP: 7/7
 10356 | D:8      | Paralysed by a yellow wasp for 1 turns
 10360 | D:8      | Reached skill level 7 in Crossbows
 10541 | D:8      | Noticed Joseph
 10567 | D:8      | Killed Joseph
 10908 | D:8      | Noticed Erolcha
 10920 | D:8      | Slain by Erolcha

Action                   |  1- 3 |  4- 6 |  7- 9 | 10-12 || total
-------------------------+-------+-------+-------+-------++-------
Melee: War axe           |    80 |   289 |   403 |    74 ||   846
 Fire: Arbalest          |       |       |    66 |       ||    66
       Hand crossbow     |       |       |    66 |    52 ||   118
Invok: Heroism           |       |       |       |     1 ||     1
Evoke: Wand              |       |     1 |       |     2 ||     3
       Rod               |       |       |     1 |       ||     1
  Use: Scroll            |       |     7 |       |       ||     7
       Potion            |       |       |     3 |     2 ||     5
 Stab: Confused          |       |       |     1 |       ||     1
  Eat: Chunk             |       |     7 |    12 |     2 ||    21
       Fruit             |       |     1 |     3 |       ||     4
       Meat ration       |       |       |     1 |       ||     1
